 Dungeon Crawl Stone Soup version 0.18-a0-721-g8fc53f4 (webtiles) character file.

40 Duffy the Chucker (level 3, -1/28 HPs)
             Began as a Formicid Hunter on Dec 8, 2015.
             Slain by a hobgoblin (3 damage)
             ... on level 2 of the Dungeon.
             The game lasted 00:01:33 (1522 turns).

Duffy the Chucker (Formicid Hunter)                 Turns: 1522, Time: 00:01:34

Health: -1/28      AC:  6    Str: 16    XL:     3   Next: 72%
Magic:  3/3        EV:  9    Int: 10    God:
Gold:   39         SH:  8    Dex: 12    Spells: 0 memorised, 2 levels left

rFire  . . .     SeeInvis +     a - +0 short sword
rCold  . . .     Clarity  .     p - +0 ring mail
rNeg   . . .     SustAt   .     l - +0 shield
rPois  .         Gourm    .     (helmet unavailable)
rElec  .         Spirit   .     (no cloak)
rCorr  .         Dismiss  .     q - +0 pair of gloves
rMut   .         Stasis   +     (no boots)
MR     .....                    (no amulet)
Stlth  +.........               (no ring)
                                (no ring)

@: not resistant to hostile enchantments, very unstealthy
A: permanent stasis, dig shafts and tunnels, four strong arms, antennae 3
a: Dig, Shaft Self


You were on level 2 of the Dungeon.
You were very hungry.

You visited 1 branch of the dungeon, and saw 2 of its levels.

You collected 39 gold pieces.


Innate Abilities, Weirdness & Mutations

You are under a permanent stasis effect.
You can dig through walls and to a lower floor.
Your four strong arms can wield two-handed weapons with a shield.
You have a pair of large antennae on your head (SInv).


   Skills:
 - Level 2.6 Fighting
 - Level 4.0 Throwing
 - Level 2.0 Dodging
 - Level 1.2 Stealth
 + Level 3.0 Shields


You had 2 spell levels left.
You didn't know any spells.

Inventory:

Hand Weapons
 a - a +0 short sword (weapon)
Missiles
 c - 6 javelins (quivered)
 d - 2 throwing nets
Armour
 b - a +0 leather armour
 l - a +0 shield (worn)
 p - a +0 ring mail (worn)
 q - a +0 pair of gloves (worn)
Scrolls
 f - a scroll of remove curse {unknown}
 i - 2 scrolls of identify {unknown}
 k - a scroll of random uselessness {unknown}
 n - a scroll of recharging {unknown}
 o - a scroll of teleportation {unknown}
 t - a scroll of blinking {unknown}
 u - a scroll of noise {unknown}
Potions
 h - a potion of ambrosia {unknown}
 j - a potion of brilliance {unknown}
 m - a potion of agility {unknown}
 r - a potion of poison {unknown}
 s - a potion of lignification {unknown}
Comestibles
 e - 2 bread rations
 g - 2 meat rations

Dungeon Overview and Level Annotations

Branches:
Dungeon (2/15)

Altars:
Ru


Message History

You are too injured to fight recklessly!
You are too injured to fight recklessly!
You are too injured to fight recklessly!
You are too injured to fight recklessly!
You are too injured to fight recklessly!
You swing at nothing.
You hit the worm.
The worm is heavily wounded.
The worm closely misses you.
You hit the worm.
The worm is almost dead.
Your shield and ring mail prevent you from hitting the worm.
The worm is almost dead.
The worm bites you!
You completely miss the worm.
The worm is almost dead.
The worm bites you but does no damage.
You hit the worm.
You kill the worm!
Your Shields skill increases to level 3!
You block the hobgoblin's attack.
You hit the hobgoblin but do no damage. You block the hobgoblin's attack.
You hit the hobgoblin.
The hobgoblin is heavily wounded.
The hobgoblin hits you but does no damage.
You hit the hobgoblin but do no damage.
The hobgoblin is heavily wounded.
You block the hobgoblin's attack. The hobgoblin hits you.
You hit the hobgoblin.
The hobgoblin is heavily wounded.
The hobgoblin hits you but does no damage.
You closely miss the hobgoblin.
The hobgoblin is heavily wounded.
The hobgoblin hits you.
You die...

#....
#.##..#......#
....
...##..#._....#
...
..##..#..(...#
..
...###>#......#
#.#+##.
#.########
#.#.#.##. #.#
#....g##.###.#
#####g##.....#
#@###.####
#.....# #####.#
.... #####


You could see a hobgoblin and a goblin.

Action                   || total
-------------------------++-------
Melee: Short sword       ||   145
 Abil: Dig               ||     3
 Stab: Sleeping          ||     1
  Eat: Chunk             ||     1

Notes
Turn   | Place    | Note
--------------------------------------------------------------
     0 | D:1      | Duffy the Formicid Hunter began the quest for the Orb.
     0 | D:1      | Reached XP level 1. HP: 16/16 MP: 1/1
   168 | D:1      | Reached skill level 2 in Dodging
   232 | D:1      | Reached XP level 2. HP: 23/23 MP: 2/2
   393 | D:1      | Reached skill level 1 in Shields
  1065 | D:1      | Reached skill level 2 in Shields
  1065 | D:1      | Reached XP level 3. HP: 28/28 MP: 3/3
  1445 | D:2      | Found a sacrificial altar of Ru.
  1517 | D:2      | Reached skill level 3 in Shields
  1522 | D:2      | Slain by a hobgoblin

Vault maps used:
D:1:      scummos_arrival_checkerplants
D:2:      overflow_temple_1_default

Vanquished Creatures
  An adder
  A worm
  4 bats
  4 giant cockroaches
  3 goblins
  3 hobgoblins
  6 giant newts
  2 kobolds
  A quokka
  5 rats
30 creatures vanquished.
